 Dungeon Crawl Stone Soup version 0.31-a0-360-gb3e1d13bf4 (webtiles) character file.

Game seed: 10980320509162921121

39 senseless the Shield-Bearer (level 3, -8/30 HPs)
             Began as a Formicid Fighter on July 26, 2023.
             Mangled by Sigmund
             ... wielding a +0 scythe
              (10 damage)
             ... on level 2 of the Dungeon.
             The game lasted 00:02:50 (1063 turns).

senseless the Shield-Bearer (Formicid Fighter)      Turns: 1063, Time: 00:02:50

Health: -8/30      AC:  8    Str: 28    XL:     3   Next: 67%
Magic:  3/3        EV:  9    Int:  7    God:
Gold:   87         SH:  5    Dex: 13    Spells: 2/2 levels left

rFire   . . .        a - +0 war axe
rCold   . . .        c - +0 buckler
rNeg    . . .        b - +0 scale mail
rPois   .            (helmet unavailable)
rElec   .            (no cloak)
rCorr   .            (no gloves)
SInv    +            e - +0 pair of boots
Will    .....        (no amulet) Stlth
                     g - +6 ring of strength
HPRegen 0.25/turn    (no ring)
MPRegen 0.08/turn

%: no passive effects
@: mighty
A: permanent stasis, dig shafts and tunnels, antennae 3, four strong arms
a: Dig, Shaft Self


You were on level 2 of the Dungeon.
You visited 1 branch of the dungeon, and saw 2 of its levels.

You collected 87 gold pieces.

Inventory:

Hand Weapons
 a - a +0 war axe (weapon)
Armour
 b - a +0 scale mail (worn)
 c - a +0 buckler (worn)
 e - a +0 pair of boots (worn)
Jewellery
 g - a +6 ring of strength (left hand)
Scrolls
 h - a scroll of enchant armour {unknown}
 i - a scroll of brand weapon {unknown}
 j - a scroll of identify {unknown}
 m - a scroll of vulnerability {unknown}
Potions
 f - a potion of brilliance {unknown}
 k - a potion of curing {unknown}
 l - a potion of degeneration {unknown}


   Skills:
 + Level 3.7 Fighting
 + Level 2.5 Axes
 + Level 3.7 Armour
 + Level 4.5 Shields


You had 2 spell levels left.
You didn't know any spells.
Your spell library contained the following spells:

 Spells                   Type           Power      Damage    Failure   Level
 Lesser Beckoning         Tloc           0%         N/A       87%         2
 Momentum Strike          Conj/Tloc      0%         3d8       87%         2
 Summon Forest            Summ/Tloc      0%         N/A       100%        5
 Summon Mana Viper        Hex/Summ       0%         N/A       100%        5
 Summon Cactus Giant      Summ           0%         N/A       100%        6
 Blink                    Tloc           Unusable   N/A       N/A         2

Dungeon Overview and Level Annotations

Branches:
Dungeon (2/15)

Altars:

Annotations:
D:2 Sigmund


Innate Abilities, Weirdness & Mutations

You cannot be hasted, slowed, berserked, paralysed or teleported.
You can dig through walls and to a lower floor.
You have a pair of large antennae on your head. (SInv)
Your four strong arms can wield two-handed weapons with a shield.


Message History

Sigmund hits you but does no damage.
You bump into the rock wall.
You closely miss Sigmund.
Sigmund is lightly wounded.
Sigmund hits you with a +0 scythe!
You feel less confused. Sigmund gestures at you while chanting.
You resist with some effort.
You hit Sigmund.
Sigmund is lightly wounded.
Sigmund hits you with a +0 scythe.
You closely miss Sigmund.
Sigmund is lightly wounded.
Sigmund barely misses you.
You hit Sigmund.
Sigmund is lightly wounded.
Sigmund mumbles some strange words.
Sigmund flickers and vanishes for a moment.
You barely miss Sigmund.
Sigmund is lightly wounded.
Sigmund barely misses you.
You hit Sigmund.
Sigmund is moderately wounded.
Sigmund hits you with a +0 scythe.
* * * LOW HITPOINT WARNING * * *
You barely miss Sigmund.
Sigmund is moderately wounded.
Sigmund screams, "Die, monster!"
Sigmund hits you with a +0 scythe!
* * * LOW HITPOINT WARNING * * *
You hit Sigmund but do no damage.
Sigmund is moderately wounded.
Sigmund points at you and mumbles some strange words.
The puff of flame misses you.
You feel very mighty all of a sudden. You block Sigmund's attack.
You slash Sigmund!
Sigmund is severely wounded.
Sigmund hits you with a +0 scythe!
You die...

##.#.###.#.
#.. ........#.
#.# #.#.###.#.
#.# #.#.......
#.# #.......#.
#.# #.#.###.#.
#.#######.#.#
#.#.
#...........#
#.#
#@@######.#.#
#.#
##..######.#.#
#.#
#..........#.#
.#
##.!$........#
###########.#
#.# ###


You could see Sigmund (invisible).

Vanquished Creatures
  A dart slug (D:1)
  6 bats (D:1)
  4 endoplasms
  2 giant cockroaches (D:1)
  5 hobgoblins
  2 quokkas (D:1)
  4 ball pythons
  A frilled lizard (D:2)
  2 goblins (D:2)
  3 kobolds
  6 rats
36 creatures vanquished.

Notes
Turn   | Place    | Note
-------+----------+-------------------------------------------
     0 | D:1      | senseless the Formicid Fighter began the quest for the Orb.
     0 | D:1      | Reached XP level 1. HP: 18/18 MP: 1/1
   108 | D:1      | Reached XP level 2. HP: 24/24 MP: 2/2
   653 | D:1      | Reached XP level 3. HP: 29/29 MP: 3/3
  1043 | D:2      | Noticed Sigmund
  1060 | D:2      | HP: 1/30 [Sigmund/+0 scythe (8)]
  1063 | D:2      | Mangled by Sigmund

Illustrated notes

Levels and vault maps discovered:
D:1:      dpeg_arrival_ratfight, layout_loops_cross, chequers_decorated_corner,
          minmay_close_crescents
D:2:      layout_basic, uniq_sigmund

Action                     || total
---------------------------++-------
  Melee: War axe           ||   108
    Use: Potion            ||     1
 Armour: Scale mail        ||    55
  Dodge: Dodged            ||    52
  Block: Buckler           ||    34

Table legend: (Time is in decaauts)
 A = Elapsed time spent in this place.
 B = Non-inter-level travel time spent in this place.
 C = Inter-level travel time spent in this place.
 D = Time resting spent in this place.
 E = Time spent auto-exploring this place.
 F = Levels seen in this place.
 G = Mean time per level.
                   A        B        C        D        E       F      G
               +--------+--------+--------+--------+--------+-----+--------+
         Total |   1105 |   1079 |     26 |      0 |    772 |   2 |  552.5 |
       Dungeon |   1105 |   1079 |     26 |      0 |    772 |   2 |  552.5 |
               +--------+--------+--------+--------+--------+-----+--------+

Top non-repeatable levels by time:
     D:1: 817 daAuts
     D:2: 287 daAuts
